[ AOE2 MATCH · #473623919 ]

Team RM

Italians vs Mongols

📍 Nomad 👥 4v4 ✅ Victory

[ REPLAY ANALYSIS · EXTRACTED FROM THE RECORDED GAME ]

602406569 Italians · 1193 ELO

Feudal

15:07

Castle

27:29

Imperial

APM avg9.2
APM peak28
eAPM avg5.7
Villagers / military80 / 1

Focus

⚔️ 10.2% · 🌾 89.8%

Fishing Ship ×5 · Transport Ship ×1

🏅 House waller 🏅 TC boomer
这种程度的话,我直布罗陀鲜卑也很难承受 Khitans · 1229 ELO

Feudal

13:22

Castle

17:33

Imperial

33:19

APM avg36.4
APM peak78
eAPM avg17.1
Villagers / military149 / 63

Focus

⚔️ 31.6% · 🌾 68.4%

Unknown (1920) ×124 · Skirmisher ×38 · Steppe Lancer ×22 · Fishing Ship ×6 · Trebuchet (Packed) ×3

🏅 Reached Imperial Age 🏅 House waller 🏅 TC boomer 🏅 Villager machine
system_niko Mongols · 1383 ELO

Feudal

13:37

Castle

20:46

Imperial

44:31

APM avg35.6
APM peak93
eAPM avg19.9
Villagers / military198 / 190

Focus

⚔️ 23.9% · 🌾 76.1%

Scout Cavalry ×151 · Mangudai ×22 · Fishing Ship ×11 · Fire Galley ×9 · Battering Ram ×8

🏅 Reached Imperial Age 🏅 House waller 🏅 TC boomer 🏅 Villager machine
長安 Mongols · 1119 ELO

Feudal

13:47

Castle

28:36

Imperial

38:12

APM avg23.7
APM peak51
eAPM avg15.2
Villagers / military152 / 64

Focus

⚔️ 25.0% · 🌾 75.0%

Mangudai ×55 · Battering Ram ×8 · Monk ×1

🏅 Reached Imperial Age 🏅 House waller 🏅 TC boomer 🏅 Villager machine
zzx Bulgarians · 1120 ELO

Feudal

14:57

Castle

19:56

Imperial

32:40

APM avg32.0
APM peak60
eAPM avg20.1
Villagers / military147 / 223

Focus

⚔️ 32.6% · 🌾 67.4%

Konnik ×214 · Fishing Ship ×11 · Trebuchet (Packed) ×9

🏅 Reached Imperial Age 🏅 Wall builder 🏅 House waller 🏅 TC boomer 🏅 Villager machine
放羊老汉 Wei · 1053 ELO

Feudal

16:03

Castle

29:49

Imperial

APM avg19.0
APM peak70
eAPM avg10.3
Villagers / military94 / 26

Focus

⚔️ 21.6% · 🌾 78.4%

Spearman ×25 · Fishing Ship ×25 · Unknown (2626) ×16 · Unknown (1944) ×4 · Transport Ship ×1

🏅 House waller 🏅 TC boomer
Haos Wu · 1193 ELO

Feudal

12:26

Castle

20:44

Imperial

47:28

APM avg22.4
APM peak63
eAPM avg13.0
Villagers / military96 / 24

Focus

⚔️ 37.1% · 🌾 62.9%

Unknown (1974) ×42 · Spearman ×16 · Battering Ram ×5 · Archer ×2 · Skirmisher ×1

🏅 Reached Imperial Age 🏅 House waller 🏅 TC boomer
Takeda-Shingen Koreans

Feudal

13:06

Castle

29:35

Imperial

APM avg18.1
APM peak45
eAPM avg9.7
Villagers / military72 / 12

Focus

⚔️ 21.3% · 🌾 78.7%

Fishing Ship ×9 · Knight ×4 · Turtle Ship ×4 · Scout Cavalry ×2 · War Wagon ×1 · Iron Pagoda ×1

🏅 House waller 🏅 TC boomer

Match map

Resources at game start + every placement click. Thick line = wall · dashed box = detected house wall. 🟡 gold · ⚪ stone · 🟢 berries · 🔶 boar · ⭕ relic

602406569这种程度的话,我直布罗陀鲜卑也很难承受system_niko長安zzx放羊老汉HaosTakeda-Shingen

Inputs per minute

— 602406569 - - 这种程度的话,我直布罗陀鲜卑也很难承受

046930m8m16m24m32m40m48m

Build order — 602406569

First 150 of 169 actions detected

1:58 Build Town Center
4:08 Research Loom
4:08 Create Villager (Male)
4:09 Create Villager (Male)
4:09 Create Villager (Male)
4:09 Create Villager (Male)
4:10 Create Villager (Male)
4:25 Build House
4:30 Build House
4:32 Build House
4:34 Build House
4:36 Build House
7:20 Build Mining Camp
7:41 Create Villager (Male)
7:41 Create Villager (Male)
7:42 Create Villager (Male)
7:42 Create Villager (Male)
8:36 Create Villager (Male)
8:36 Create Villager (Male)
8:37 Create Villager (Male)
8:37 Create Villager (Male)
9:22 Build Dock
9:28 Create Villager (Male)
9:29 Create Villager (Male)
9:44 Create Villager (Male)
9:44 Create Villager (Male)
10:20 Create Villager (Male)
10:20 Create Villager (Male)
10:28 Create Fishing Ship
11:09 Create Villager (Male)
11:10 Create Villager (Male)
12:36 Build Lumber Camp
12:57 Research Feudal Age
13:33 Create Villager (Male)
14:29 Create Villager (Male)
14:53 Create Villager (Male)
14:53 Create Villager (Male)
14:53 Create Villager (Male)
15:07 Age Feudal Age
15:09 Research Double-Bit Axe
15:30 Create Villager (Male)
15:31 Create Villager (Male)
15:31 Create Villager (Male)
15:46 Build Barracks
15:59 Create Fishing Ship
16:00 Create Fishing Ship
16:41 Create Villager (Male)
16:42 Create Villager (Male)
16:42 Create Villager (Male)
16:42 Create Villager (Male)
16:56 Build Blacksmith
17:16 Create Villager (Male)
17:16 Create Villager (Male)
17:36 Build Watch Tower
17:52 Create Villager (Male)
17:53 Create Villager (Male)
17:53 Create Villager (Male)
18:36 Build Watch Tower
20:09 Build Watch Tower
20:20 Build Mill
20:27 Create Villager (Male)
20:27 Create Villager (Male)
20:28 Create Villager (Male)
20:28 Create Villager (Male)
20:37 Build House
20:39 Build House
20:41 Build House
20:43 Build House
20:46 Build House
20:48 Build House
22:18 Build Archery Range
22:35 Build Farm
22:38 Build Farm
22:40 Build Farm
22:41 Build Farm
22:45 Build Farm
22:47 Build Farm
23:06 Create Fishing Ship
23:06 Create Fishing Ship
23:38 Build Mining Camp
23:47 Build Farm
24:36 Build House
24:47 Build Farm
24:49 Research Castle Age
24:58 Research Stone Mining
24:58 Research Gold Mining
25:54 Create Transport Ship
27:29 Age Castle Age
27:48 Build Castle
31:10 Build Town Center
33:04 Build Lumber Camp
35:11 Create Villager (Male)
35:11 Create Villager (Male)
35:12 Create Villager (Male)
35:12 Create Villager (Male)
35:12 Create Villager (Male)
35:13 Create Villager (Male)
35:13 Create Villager (Male)
35:13 Create Villager (Male)
35:14 Create Villager (Male)
35:19 Create Villager (Male)
37:26 Build Dock
38:58 Create Villager (Male)
38:59 Create Villager (Male)
38:59 Create Villager (Male)
38:59 Create Villager (Male)
38:59 Create Villager (Male)
39:00 Create Villager (Male)
39:05 Build Mining Camp
39:40 Build Stable
39:42 Build Stable
40:27 Research Horse Collar
40:54 Research Husbandry
40:55 Research Bloodlines
40:56 Research Light Cavalry (upgrade)
41:10 Build Farm
41:11 Build Farm
41:13 Build Farm
41:16 Build Farm
41:19 Build Farm
41:21 Build Farm
41:24 Build Farm
41:25 Build Farm
41:45 Create Villager (Male)
41:45 Create Villager (Male)
41:45 Create Villager (Male)
41:46 Create Villager (Male)
41:46 Create Villager (Male)
42:43 Create Villager (Male)
42:43 Create Villager (Male)
42:43 Create Villager (Male)
42:53 Build Mill
43:46 Build Castle
43:52 Research Stone Shaft Mining
44:10 Build House
44:11 Build House
44:15 Build House
44:17 Build House
44:20 Build House
44:22 Build House
44:32 Build Farm
44:35 Build Farm
44:37 Build Farm
44:41 Build Farm
44:43 Build Farm
44:45 Build Farm
44:50 Create Villager (Male)
44:50 Create Villager (Male)
44:50 Create Villager (Male)
44:51 Create Villager (Male)

Build order — 这种程度的话,我直布罗陀鲜卑也很难承受

First 150 of 351 actions detected

0:23 Build Town Center
2:36 Build Dock
2:39 Build House
2:45 Create Villager (Male)
2:45 Create Villager (Male)
2:45 Create Villager (Male)
2:46 Create Villager (Male)
3:51 Create Fishing Ship
4:29 Research Loom
4:44 Create Villager (Male)
4:44 Create Villager (Male)
4:48 Build House
5:14 Create Villager (Male)
5:14 Create Villager (Male)
5:38 Create Villager (Male)
5:38 Create Villager (Male)
5:52 Create Villager (Male)
5:53 Create Villager (Male)
5:59 Create Fishing Ship
6:25 Create Villager (Male)
6:25 Create Villager (Male)
6:38 Build House
6:51 Create Villager (Male)
6:51 Create Villager (Male)
6:52 Create Villager (Male)
7:26 Create Villager (Male)
7:28 Create Fishing Ship
8:03 Create Villager (Male)
8:03 Create Villager (Male)
8:04 Create Villager (Male)
8:09 Build House
8:12 Create Fishing Ship
8:52 Create Fishing Ship
9:22 Build Mill
9:28 Create Villager (Male)
9:33 Create Villager (Male)
9:38 Build House
10:18 Create Villager (Male)
10:47 Create Villager (Male)
10:51 Build Mining Camp
10:56 Create Fishing Ship
11:11 Research Feudal Age
11:23 Build Pasture
11:42 Build Lumber Camp
12:31 Build House
13:22 Age Feudal Age
13:25 Build Market
13:34 Create Villager (Male)
13:34 Create Villager (Male)
13:42 Build Blacksmith
14:16 Build Pasture
14:53 Research Castle Age
14:53 Research Castle Age
14:55 Build Mining Camp
17:01 Create Villager (Male)
17:33 Age Castle Age
17:36 Build Town Center
17:59 Create Villager (Male)
18:00 Create Villager (Male)
18:10 Build Town Center
18:21 Build Town Center
18:30 Research Double-Bit Axe
18:39 Create Villager (Male)
18:56 Create Villager (Male)
19:18 Build House
19:22 Create Villager (Male)
19:49 Create Villager (Male)
19:49 Create Villager (Male)
19:51 Create Villager (Male)
19:51 Create Villager (Male)
19:52 Create Villager (Male)
19:55 Create Villager (Male)
19:57 Research Tech 1014
19:57 Research Tech 1014
20:07 Create Villager (Male)
20:26 Create Villager (Male)
20:27 Create Villager (Male)
20:42 Create Villager (Male)
20:42 Create Villager (Male)
20:42 Create Villager (Male)
20:57 Build Pasture
21:03 Create Villager (Male)
21:05 Build Barracks
21:07 Create Villager (Male)
21:16 Build Pasture
21:23 Create Villager (Male)
21:35 Create Villager (Male)
21:36 Create Villager (Male)
21:50 Build Stable
21:52 Build House
21:58 Create Villager (Male)
21:58 Create Villager (Male)
21:58 Create Villager (Male)
22:04 Build Pasture
22:12 Research Tech 1013
22:14 Create Villager (Male)
22:14 Create Villager (Male)
22:24 Build House
22:25 Build House
22:26 Build House
22:27 Build House
22:28 Build House
22:36 Create Steppe Lancer
22:53 Create Villager (Male)
22:54 Create Villager (Male)
22:56 Build House
23:00 Build House
23:08 Build Stable
23:22 Build House
23:24 Build House
23:28 Create Villager (Male)
23:34 Create Villager (Male)
23:34 Create Villager (Male)
23:43 Build Town Center
23:52 Build House
23:53 Build House
24:00 Create Steppe Lancer
24:01 Create Steppe Lancer
24:14 Build Pasture
24:19 Build Pasture
24:22 Create Villager (Male)
24:22 Create Villager (Male)
24:52 Build Pasture
24:56 Create Villager (Male)
25:00 Build House
25:01 Build House
25:03 Create Villager (Male)
25:04 Create Villager (Male)
25:04 Create Villager (Male)
25:34 Create Villager (Male)
25:51 Build House
25:52 Build House
25:55 Create Villager (Male)
25:55 Create Villager (Male)
25:55 Create Villager (Male)
25:56 Create Villager (Male)
25:56 Create Villager (Male)
26:19 Create Villager (Male)
26:20 Create Villager (Male)
26:20 Create Villager (Male)
26:30 Build Pasture
26:30 Build Pasture
26:32 Build Pasture
26:36 Create Villager (Male)
26:36 Create Villager (Male)
26:39 Build House
26:40 Build House
26:44 Create Steppe Lancer
26:44 Create Steppe Lancer
26:46 Create Villager (Male)

Build order — system_niko

First 150 of 515 actions detected

0:13 Build Town Center
0:58 Build Dock
0:59 Build House
1:01 Build House
2:46 Create Villager (Male)
2:46 Create Villager (Male)
2:46 Create Villager (Male)
2:47 Create Villager (Male)
4:09 Research Loom
4:22 Create Fishing Ship
4:26 Research Loom
4:37 Create Villager (Male)
4:59 Create Fishing Ship
5:27 Create Fishing Ship
5:28 Create Fishing Ship
5:55 Create Villager (Male)
6:18 Create Fishing Ship
6:33 Build House
6:34 Build House
6:42 Build House
6:50 Create Villager (Male)
6:50 Create Villager (Male)
7:09 Create Villager (Male)
7:10 Create Villager (Male)
7:10 Create Villager (Male)
7:37 Create Villager (Male)
7:40 Create Fishing Ship
7:48 Create Villager (Male)
7:49 Create Villager (Male)
8:03 Create Villager (Male)
8:20 Create Fishing Ship
8:31 Create Villager (Male)
8:37 Create Villager (Male)
8:41 Build House
8:42 Build House
9:04 Create Fishing Ship
9:04 Create Fishing Ship
9:24 Create Villager (Male)
9:30 Create Fishing Ship
9:50 Create Villager (Male)
9:53 Create Fishing Ship
10:28 Create Villager (Male)
10:35 Build Mill
10:48 Create Villager (Male)
11:02 Create Villager (Male)
11:27 Research Feudal Age
11:32 Build Dock
11:48 Create Villager (Male)
11:48 Create Villager (Male)
12:24 Build Mining Camp
13:29 Build Lumber Camp
13:37 Age Feudal Age
13:43 Create Fire Galley
13:43 Create Fire Galley
14:05 Create Villager (Male)
14:25 Create Fire Galley
14:25 Create Fire Galley
14:29 Research Double-Bit Axe
14:31 Create Villager (Male)
14:44 Build House
14:54 Create Villager (Male)
14:57 Build House
15:39 Create Villager (Male)
15:41 Create Fire Galley
15:41 Create Fire Galley
15:42 Create Fire Galley
15:49 Create Fire Galley
15:49 Create Fire Galley
15:55 Build House
15:57 Build House
15:57 Build House
15:58 Build House
16:04 Create Villager (Male)
16:11 Build House
16:12 Build House
16:28 Create Villager (Male)
16:53 Create Villager (Male)
16:58 Build Market
17:02 Build Blacksmith
17:21 Create Villager (Male)
17:44 Create Villager (Male)
17:48 Research Castle Age
19:23 Create Villager (Male)
19:23 Create Villager (Male)
20:19 Research Wheelbarrow
20:19 Research Town Watch
20:46 Age Castle Age
20:48 Build Town Center
20:59 Build Town Center
21:22 Research Bow Saw
21:24 Research Horse Collar
21:28 Research Fletching
21:29 Research Padded Archer Armor
21:29 Research Scale Barding Armor
21:43 Create Villager (Male)
21:43 Create Villager (Male)
21:43 Create Villager (Male)
21:56 Create Villager (Male)
22:08 Create Villager (Male)
22:08 Create Villager (Male)
22:11 Create Villager (Male)
22:12 Create Villager (Male)
22:34 Build Farm
22:36 Build Farm
22:38 Build Farm
22:40 Build Farm
22:42 Build Farm
22:45 Build Farm
22:47 Build Farm
22:48 Create Villager (Male)
22:48 Create Villager (Male)
22:51 Build Farm
22:53 Build Farm
22:56 Build Farm
22:57 Create Villager (Male)
22:57 Create Villager (Male)
22:59 Build Farm
23:01 Build Farm
23:05 Build Farm
23:12 Build Farm
23:24 Create Villager (Male)
23:24 Create Villager (Male)
23:24 Create Villager (Male)
23:36 Build Farm
23:36 Create Villager (Male)
23:44 Create Villager (Male)
23:44 Create Villager (Male)
23:53 Build Farm
23:57 Create Villager (Male)
23:57 Create Villager (Male)
24:07 Create Villager (Male)
24:07 Create Villager (Male)
24:10 Create Villager (Male)
24:10 Create Villager (Male)
24:10 Create Villager (Male)
24:16 Create Villager (Male)
24:17 Create Villager (Male)
24:34 Create Villager (Male)
24:34 Create Villager (Male)
24:34 Create Villager (Male)
24:42 Create Villager (Male)
24:42 Create Villager (Male)
24:45 Create Villager (Male)
24:45 Create Villager (Male)
24:49 Create Villager (Male)
24:54 Create Villager (Male)
24:54 Create Villager (Male)
25:08 Create Villager (Male)
25:22 Create Villager (Male)
25:22 Create Villager (Male)

Build order — 長安

First 150 of 336 actions detected

0:59 Build Town Center
2:02 Build House
2:23 Build House
3:29 Build House
3:39 Create Villager (Male)
3:47 Create Villager (Male)
3:47 Create Villager (Male)
3:47 Create Villager (Male)
3:47 Create Villager (Male)
5:02 Create Villager (Male)
5:03 Create Villager (Male)
5:05 Create Villager (Male)
5:05 Create Villager (Male)
5:31 Build Mill
5:49 Create Villager (Male)
5:49 Create Villager (Male)
5:50 Create Villager (Male)
5:50 Create Villager (Male)
6:10 Research Loom
6:20 Create Villager (Male)
6:21 Create Villager (Male)
6:21 Create Villager (Male)
6:24 Create Villager (Male)
6:24 Create Villager (Male)
6:38 Build House
6:49 Create Villager (Male)
6:49 Create Villager (Male)
7:06 Create Villager (Male)
7:41 Create Villager (Male)
7:42 Create Villager (Male)
7:53 Create Villager (Male)
8:30 Create Villager (Male)
8:31 Create Villager (Male)
9:43 Build House
10:07 Create Villager (Male)
10:18 Build House
10:23 Build Building 804
10:40 Create Villager (Male)
11:04 Create Villager (Male)
11:08 Build Lumber Camp
11:37 Research Feudal Age
11:42 Build Mining Camp
12:39 Build Outpost
13:05 Build House
13:29 Create Villager (Male)
13:29 Create Villager (Male)
13:47 Age Feudal Age
13:55 Build Watch Tower
14:00 Create Villager (Male)
14:04 Research Town Watch
14:06 Create Villager (Male)
14:14 Research Double-Bit Axe
14:23 Create Villager (Male)
14:34 Build Watch Tower
14:44 Create Villager (Male)
14:51 Build Blacksmith
15:20 Build Outpost
15:21 Create Villager (Male)
15:38 Build Farm
15:39 Build Farm
15:44 Create Villager (Male)
16:04 Build Watch Tower
16:06 Build Palisade Wall
16:07 Build Palisade Wall
16:09 Build Palisade Wall
16:10 Build Palisade Wall
16:15 Create Villager (Male)
16:21 Create Villager (Male)
16:47 Build Outpost
16:48 Create Villager (Male)
17:14 Build Watch Tower
17:19 Create Villager (Male)
17:25 Build Farm
17:33 Research Fletching
17:46 Create Villager (Male)
18:03 Build Palisade Wall
18:04 Build Palisade Wall
18:05 Build Palisade Wall
18:06 Build Palisade Wall
18:09 Create Villager (Male)
18:36 Create Villager (Male)
19:57 Create Villager (Male)
19:58 Create Villager (Male)
19:58 Create Villager (Male)
19:58 Create Villager (Male)
19:59 Create Villager (Male)
19:59 Create Villager (Male)
19:59 Create Villager (Male)
20:37 Create Villager (Male)
20:37 Create Villager (Male)
20:37 Create Villager (Male)
20:41 Build Farm
20:42 Build Farm
20:42 Build Farm
20:42 Build Farm
20:42 Build Farm
20:43 Build Farm
21:05 Build Farm
21:29 Build Outpost
21:30 Create Villager (Male)
21:33 Build Farm
21:41 Build Outpost
21:50 Build Barracks
22:00 Build Outpost
22:08 Build Mill
22:13 Build Farm
22:28 Create Villager (Male)
23:04 Build Mining Camp
23:10 Build Lumber Camp
23:14 Build Farm
23:24 Build Farm
24:05 Research Wheelbarrow
24:14 Build House
24:15 Build House
24:47 Build Stable
25:13 Build Market
25:26 Research Gold Mining
25:27 Research Gold Mining
25:31 Research Horse Collar
25:49 Build Archery Range
25:56 Research Castle Age
26:16 Research Stone Mining
26:58 Build Outpost
27:12 Research Bloodlines
27:14 Research Padded Archer Armor
28:23 Build Outpost
28:36 Age Castle Age
28:38 Create Villager (Male)
28:38 Create Villager (Male)
28:48 Build Castle
29:04 Build Town Center
29:09 Create Villager (Male)
29:15 Research Bow Saw
29:18 Research Bodkin Arrow
29:31 Build Outpost
29:38 Research Heavy Plow
29:41 Create Villager (Male)
29:41 Create Villager (Male)
30:01 Create Villager (Male)
30:14 Build Outpost
30:36 Create Villager (Male)
30:58 Create Villager (Male)
30:59 Create Villager (Male)
31:13 Build Outpost
31:17 Create Villager (Male)
31:17 Create Villager (Male)
31:34 Build Outpost
31:37 Create Villager (Male)
31:44 Create Villager (Male)
31:45 Create Villager (Male)

Build order — zzx

First 150 of 489 actions detected

0:38 Build House
0:51 Build Town Center
2:29 Build Dock
3:12 Create Villager (Male)
3:13 Create Villager (Male)
3:13 Create Villager (Male)
3:45 Create Villager (Male)
4:14 Create Fishing Ship
4:15 Create Fishing Ship
4:46 Create Villager (Male)
4:56 Build House
5:11 Research Loom
5:41 Create Villager (Male)
5:42 Create Villager (Male)
5:52 Build House
6:11 Create Villager (Male)
6:12 Create Villager (Male)
6:51 Create Villager (Male)
6:59 Create Villager (Male)
7:00 Create Fishing Ship
7:00 Create Fishing Ship
7:33 Create Villager (Male)
7:42 Create Fishing Ship
8:18 Create Villager (Male)
8:18 Create Villager (Male)
8:25 Build House
8:31 Build House
8:35 Create Villager (Male)
8:37 Create Fishing Ship
9:02 Build House
9:04 Build House
9:09 Build Palisade Wall
9:10 Create Villager (Male)
9:42 Create Fishing Ship
9:51 Create Villager (Male)
9:57 Create Fishing Ship
9:58 Create Villager (Male)
10:24 Create Villager (Male)
10:25 Create Fishing Ship
10:36 Create Villager (Male)
10:41 Build Mill
10:43 Create Villager (Male)
10:56 Create Villager (Male)
11:07 Build House
11:09 Create Villager (Male)
11:26 Create Villager (Male)
11:33 Create Fishing Ship
11:57 Create Villager (Male)
11:59 Create Fishing Ship
12:10 Create Villager (Male)
12:14 Build House
12:18 Build House
12:26 Create Villager (Male)
12:37 Research Feudal Age
12:37 Research Feudal Age
12:50 Build Lumber Camp
13:22 Create Villager (Male)
13:34 Build House
13:36 Build House
13:41 Build House
13:50 Create Villager (Male)
14:07 Create Villager (Male)
14:44 Create Villager (Male)
14:57 Age Feudal Age
15:01 Research Double-Bit Axe
15:31 Create Villager (Male)
15:40 Build Blacksmith
15:48 Build Palisade Wall
15:49 Build Palisade Wall
15:50 Build Palisade Wall
16:06 Create Villager (Male)
16:14 Build Market
16:31 Build Blacksmith
16:33 Create Villager (Male)
17:00 Create Villager (Male)
17:16 Research Castle Age
17:21 Research Tech 906
17:39 Build House
17:44 Build Palisade Wall
17:45 Build Palisade Wall
18:03 Research Horse Collar
18:23 Build House
18:30 Build House
18:35 Create Villager (Male)
19:04 Create Villager (Male)
19:14 Build House
19:15 Build House
19:18 Create Villager (Male)
19:36 Build Mining Camp
19:56 Age Castle Age
19:58 Build Town Center
20:10 Build Town Center
20:14 Create Villager (Male)
20:21 Build Town Center
20:31 Build House
20:33 Build House
20:36 Build Palisade Wall
20:37 Build Palisade Wall
20:44 Create Villager (Male)
20:53 Build Town Center
20:58 Research Bow Saw
20:59 Create Villager (Male)
20:59 Create Villager (Male)
21:07 Create Villager (Male)
21:15 Create Villager (Male)
21:29 Build Outpost
21:31 Build Outpost
21:34 Build Outpost
21:37 Build Outpost
21:40 Create Villager (Male)
21:47 Research Wheelbarrow
21:48 Create Villager (Male)
21:49 Create Villager (Male)
21:55 Create Villager (Male)
21:59 Create Villager (Male)
22:01 Create Villager (Male)
22:04 Create Villager (Male)
22:16 Research Heavy Plow
22:16 Research Heavy Plow
22:17 Create Villager (Male)
22:22 Build Farm
22:23 Build Farm
22:24 Build Farm
22:27 Build Farm
22:30 Create Villager (Male)
22:30 Create Villager (Male)
22:38 Create Villager (Male)
22:40 Create Villager (Male)
22:45 Build Farm
22:46 Build Farm
22:46 Build Farm
23:01 Build Farm
23:01 Build Farm
23:02 Build Farm
23:06 Build Farm
23:27 Build Stone Wall
23:30 Build Stone Wall
23:32 Create Villager (Male)
23:32 Create Villager (Male)
23:39 Create Villager (Male)
23:40 Create Villager (Male)
23:43 Build Farm
23:44 Build Farm
23:52 Build Farm
23:53 Build Farm
23:53 Build Farm
23:54 Build Farm
23:55 Build Farm
23:56 Build Farm
23:57 Build Farm

Build order — 放羊老汉

First 150 of 284 actions detected

0:14 Build Town Center
1:09 Build House
1:11 Build House
1:55 Build Dock
2:41 Create Villager (Male)
2:41 Create Villager (Male)
2:42 Create Villager (Male)
2:42 Create Villager (Male)
2:42 Create Villager (Male)
2:42 Create Villager (Male)
4:08 Research Loom
4:13 Create Fishing Ship
4:36 Create Villager (Male)
5:25 Create Fishing Ship
5:25 Create Fishing Ship
5:26 Create Fishing Ship
6:21 Create Villager (Male)
6:22 Create Villager (Male)
6:25 Create Fishing Ship
6:48 Create Fishing Ship
6:53 Create Villager (Male)
6:59 Build House
7:00 Build House
7:46 Create Fishing Ship
7:50 Create Villager (Male)
8:22 Create Villager (Male)
8:58 Build Dock
9:00 Create Fishing Ship
9:02 Create Villager (Male)
9:03 Create Villager (Male)
9:03 Create Villager (Male)
9:31 Create Villager (Male)
9:34 Create Fishing Ship
9:36 Create Fishing Ship
10:21 Create Villager (Male)
10:21 Create Villager (Male)
10:30 Build House
10:30 Build House
10:32 Create Fishing Ship
10:33 Create Fishing Ship
10:34 Create Fishing Ship
11:04 Build Lumber Camp
11:06 Create Villager (Male)
11:13 Build House
11:15 Build House
11:48 Create Villager (Male)
11:48 Create Villager (Male)
11:48 Create Villager (Male)
11:49 Create Villager (Male)
11:49 Create Villager (Male)
11:49 Create Villager (Male)
11:51 Build House
12:00 Create Fishing Ship
12:01 Create Fishing Ship
12:13 Build Lumber Camp
12:29 Create Fishing Ship
12:29 Create Fishing Ship
12:49 Create Fishing Ship
12:49 Create Fishing Ship
13:10 Create Fishing Ship
13:11 Create Fishing Ship
13:38 Create Fishing Ship
13:38 Create Fishing Ship
13:48 Research Feudal Age
13:57 Build Mill
15:46 Create Villager (Male)
15:46 Create Villager (Male)
15:46 Create Villager (Male)
15:46 Create Villager (Male)
16:03 Age Feudal Age
16:13 Create Unit 2626
16:14 Create Unit 2626
16:22 Create Villager (Male)
16:23 Create Villager (Male)
16:38 Build Mining Camp
16:40 Create Villager (Male)
16:41 Create Villager (Male)
17:07 Create Villager (Male)
17:39 Create Villager (Male)
17:44 Create Unit 2626
18:13 Create Villager (Male)
19:16 Create Unit 2626
19:49 Build Dock
19:56 Research Double-Bit Axe
20:18 Build House
20:19 Build House
20:20 Build House
20:20 Build House
20:21 Build House
20:22 Build House
20:25 Create Villager (Male)
20:31 Create Unit 2626
21:18 Create Unit 2626
21:19 Create Unit 2626
21:20 Create Unit 2626
21:21 Create Unit 2626
21:21 Create Unit 2626
21:26 Create Villager (Male)
21:27 Create Villager (Male)
21:27 Create Villager (Male)
21:39 Research Horse Collar
22:25 Create Villager (Male)
22:30 Build Farm
22:32 Build Farm
22:33 Build Farm
22:35 Build Farm
22:37 Build Farm
22:39 Build Farm
22:41 Build Farm
22:43 Build Farm
23:01 Build Dock
23:05 Create Villager (Male)
23:05 Create Villager (Male)
23:06 Create Villager (Male)
23:06 Create Villager (Male)
23:27 Create Villager (Male)
24:04 Build Mining Camp
24:13 Create Unit 2626
24:13 Create Unit 2626
24:21 Build Dock
24:34 Build Barracks
24:37 Create Villager (Male)
24:38 Create Villager (Male)
25:00 Build Stable
25:04 Create Villager (Male)
25:06 Build Farm
25:08 Build Farm
25:09 Build Farm
25:10 Build Farm
25:32 Build Mill
25:38 Build Farm
25:39 Build Farm
25:44 Build Farm
25:45 Build Farm
25:46 Build Farm
25:47 Build Farm
25:47 Build Farm
26:24 Build Blacksmith
26:33 Build Lumber Camp
26:48 Create Unit 2626
26:48 Create Unit 2626
26:50 Create Unit 2626
26:50 Create Unit 2626
27:09 Research Castle Age
27:39 Build House
27:40 Build House
27:40 Build House
27:41 Build House
27:42 Build House
27:43 Build House

Build order — Haos

First 150 of 182 actions detected

0:40 Build Town Center
1:05 Build House
1:06 Build House
3:09 Create Villager (Male) ×4
3:09 Create Villager (Male) ×4
4:05 Create Villager (Male)
4:05 Create Villager (Male)
4:48 Create Villager (Male)
4:49 Create Villager (Male)
5:12 Create Villager (Male)
5:44 Create Villager (Male)
6:00 Create Villager (Male)
6:15 Create Villager (Male)
6:35 Build House
6:43 Create Villager (Male) ×2
7:21 Create Villager (Male) ×2
7:21 Create Villager (Male)
7:21 Create Villager (Male)
8:59 Build Barracks
9:04 Build House
9:23 Create Villager (Male)
9:31 Build Mining Camp
9:37 Build Mining Camp
9:48 Create Villager (Male)
9:51 Research Loom
10:14 Research Feudal Age
10:14 Research Feudal Age
10:36 Build Mill
10:48 Create Villager (Male)
10:49 Create Villager (Male)
12:05 Build Mill
12:26 Age Feudal Age
12:58 Create Villager (Male)
13:02 Build Blacksmith
13:29 Create Villager (Male)
13:35 Build Archery Range
13:57 Create Villager (Male)
13:59 Create Villager (Male)
14:02 Build House
14:51 Create Villager (Male)
14:58 Build Farm
15:04 Research Horse Collar
15:18 Create Villager (Male)
15:24 Build Farm
15:36 Create Villager (Male)
15:43 Build House
16:04 Build Farm
16:07 Create Villager (Male)
16:22 Build Farm
16:41 Build Farm
16:42 Create Villager (Male)
16:51 Build Barracks
17:01 Create Archer
17:11 Build Farm
17:14 Create Archer
17:29 Build Mill
17:33 Create Villager (Male)
18:04 Research Castle Age
18:28 Build Barracks
18:47 Build House
18:48 Build House
18:48 Build House
19:23 Create Skirmisher
20:07 Research Scale Mail Armor
20:44 Age Castle Age
20:47 Create Villager (Male)
20:48 Create Villager (Male)
20:53 Build Siege Workshop
21:05 Create Unit 1974 ×5
21:14 Research Gold Mining
21:20 Create Unit 1974
21:20 Create Unit 1974
21:27 Build Market
22:04 Create Battering Ram
22:15 Create Villager (Male)
22:16 Create Villager (Male)
22:23 Create Villager (Male)
22:32 Create Battering Ram
22:40 Create Unit 1974 ×2
22:40 Create Unit 1974 ×2
23:06 Research Squires
23:07 Create Unit 1974
23:19 Create Unit 1974
23:19 Create Unit 1974
23:43 Create Battering Ram
23:54 Create Villager (Male)
23:55 Create Villager (Male)
23:59 Build House
24:00 Build House
24:00 Build House
24:00 Build House
24:00 Build House
24:50 Create Unit 1974
25:04 Create Unit 1974
25:31 Build Farm
25:32 Build Farm
25:37 Build Town Center
25:40 Create Villager (Male) ×5
25:48 Research Heavy Plow
25:49 Create Villager (Male) ×3
26:19 Create Unit 1974 ×2
26:19 Create Unit 1974 ×2
26:58 Build Farm
26:58 Build Farm
27:00 Create Villager (Male) ×2
27:04 Build Farm
27:05 Create Villager (Male)
27:16 Create Unit 1974
27:16 Create Unit 1974
27:39 Research Arson
27:41 Build Farm
27:43 Build Farm
27:51 Create Villager (Male)
28:00 Create Villager (Male)
28:00 Create Villager (Male)
28:02 Build Farm
28:04 Build Farm
29:22 Create Battering Ram
29:24 Create Battering Ram
29:28 Create Unit 1974 ×5
29:28 Create Unit 1974 ×5
29:55 Build Farm
29:55 Build Farm
29:57 Create Villager (Male) ×5
30:27 Build House
30:28 Build House
30:28 Build House
30:28 Build House
30:57 Build Farm
30:58 Build Farm
30:58 Build Farm
31:00 Build Lumber Camp
31:13 Build Town Center
31:18 Build Town Center
31:26 Create Villager (Male) ×5
32:07 Research Chain Mail Armor
32:07 Research Forging
32:22 Create Unit 1974 ×5
32:22 Create Unit 1974 ×5
32:35 Create Villager (Male) ×3
32:53 Create Villager (Male) ×3
33:37 Build House
33:38 Build House
33:38 Build House
33:38 Build House
33:39 Build House
33:43 Build House
35:52 Build University
36:05 Create Villager (Male) ×5
36:10 Build Lumber Camp

Build order — Takeda-Shingen

First 150 of 185 actions detected

0:22 Build Town Center
1:07 Build Dock
1:09 Build House
1:10 Build House
2:39 Create Villager (Male) ×4
4:25 Create Villager (Male)
4:26 Create Villager (Male)
4:44 Create Villager (Male)
4:45 Create Villager (Male)
5:30 Create Fishing Ship
5:53 Create Villager (Male)
5:53 Create Villager (Male)
6:32 Research Loom
6:34 Create Villager (Male)
7:23 Create Villager (Male)
7:24 Create Fishing Ship
8:21 Build Mill
8:45 Build House
8:50 Build House
9:09 Create Villager (Male)
9:39 Build House
10:00 Create Villager (Male)
10:30 Build Building 796
10:40 Build Building 800
10:43 Build Building 800
10:56 Research Feudal Age
12:20 Create Villager (Male)
13:06 Age Feudal Age
13:12 Build Watch Tower
13:24 Build Mining Camp
13:33 Create Villager (Male)
13:50 Research Town Watch
13:56 Research Town Watch
14:02 Create Fishing Ship
14:11 Create Villager (Male)
14:56 Create Villager (Male)
15:22 Build Watch Tower
15:31 Create Villager (Male)
15:38 Build Blacksmith
16:02 Create Villager (Male)
16:25 Build Watch Tower
16:35 Research Fletching
16:48 Create Villager (Male)
17:25 Create Villager (Male)
17:25 Create Villager (Male)
17:58 Build Barracks
18:19 Create Villager (Male)
18:43 Create Fishing Ship
19:19 Build Watch Tower
19:50 Build Market
20:53 Create Fishing Ship
21:39 Build Watch Tower
21:48 Build Farm
22:04 Build Building 490
22:13 Build Building 665
22:58 Build Stone Wall
23:06 Research Castle Age
23:25 Create Fishing Ship
23:26 Create Fishing Ship
23:32 Build Dock
23:38 Build House
26:07 Build Town Center
26:55 Research Castle Age
27:59 Build Lumber Camp
29:35 Age Castle Age
29:41 Create Turtle Ship
29:51 Create Villager (Male)
29:51 Create Villager (Male)
30:12 Build Town Center
30:19 Create Villager (Male)
31:12 Build Mining Camp
31:29 Create Villager (Male)
31:57 Create Villager (Male)
32:26 Create Villager (Male)
32:27 Create Villager (Male)
32:57 Create Villager (Male)
32:57 Create Villager (Male)
33:31 Build Castle
33:53 Create Villager (Male)
33:53 Create Villager (Male)
33:58 Build Farm
34:43 Build House
35:02 Build Siege Workshop
35:31 Build Stable
35:42 Build Stable
35:48 Create Villager (Male)
35:48 Create Villager (Male)
35:55 Build Mill
37:04 Create Villager (Male)
37:04 Create Villager (Male)
37:10 Build House
37:11 Build House
37:12 Build House
37:20 Create Villager (Male)
37:22 Create Iron Pagoda
37:24 Create War Wagon
38:00 Create Villager (Male)
38:00 Create Villager (Male)
38:02 Create Knight
38:02 Create Knight
38:08 Create Villager (Male)
38:08 Create Villager (Male)
38:31 Build Lumber Camp
38:45 Build Blacksmith
39:11 Create Villager (Male)
39:11 Create Villager (Male)
39:21 Research Husbandry
39:44 Research Forging
39:52 Build Stable
39:57 Create Villager (Male)
39:57 Create Villager (Male)
40:02 Build Farm
40:08 Research Tech 906
40:18 Create Fishing Ship
40:18 Create Fishing Ship
40:28 Create Villager (Male)
40:28 Create Villager (Male)
40:34 Create Knight
40:43 Build Dock
40:54 Research Double-Bit Axe
41:07 Create Knight
41:20 Create Villager (Male)
41:20 Create Villager (Male)
41:25 Build Farm
41:46 Create Villager (Male)
41:47 Create Villager (Male)
41:51 Build Farm
41:53 Research Horse Collar
41:57 Build Farm
42:03 Build Farm
42:08 Build Farm
42:28 Create Villager (Male)
42:29 Create Villager (Male)
42:33 Build Farm
42:58 Create Turtle Ship
43:01 Create Villager (Male)
43:02 Create Villager (Male)
43:05 Build Farm
43:09 Build Farm
43:28 Create Scout Cavalry
43:28 Create Scout Cavalry
43:37 Create Villager (Male)
43:37 Create Villager (Male)
43:55 Create Turtle Ship
44:00 Build Farm
44:04 Research Bow Saw
44:06 Research Heavy Plow
44:09 Build Farm
44:14 Build Farm
44:16 Create Villager (Male)
Match timeline
0:58 system_niko · first_building Dock
1:07 Takeda-Shingen · first_building Dock
1:55 放羊老汉 · first_building Dock
2:29 zzx · first_building Dock
2:36 这种程度的话,我直布罗陀鲜卑也很难承受 · first_building Dock
8:59 Haos · first_building Barracks
9:09 zzx · wall_segment Palisade Wall x1
9:22 602406569 · first_building Dock
12:26 Haos · age_up feudal
13:06 Takeda-Shingen · age_up feudal
13:22 这种程度的话,我直布罗陀鲜卑也很难承受 · age_up feudal
13:35 Haos · first_building Archery Range
13:37 system_niko · age_up feudal
13:47 長安 · age_up feudal
14:57 zzx · age_up feudal
15:07 602406569 · age_up feudal
15:46 602406569 · first_building Barracks
15:48 zzx · wall_segment Palisade Wall x1
15:49 zzx · wall_segment Palisade Wall x1
15:50 zzx · wall_segment Palisade Wall x1
16:03 放羊老汉 · age_up feudal
16:06 長安 · wall_segment Palisade Wall x1
16:07 長安 · wall_segment Palisade Wall x1
16:09 長安 · wall_segment Palisade Wall x1
16:10 長安 · wall_segment Palisade Wall x1
17:33 这种程度的话,我直布罗陀鲜卑也很难承受 · age_up castle
17:44 zzx · wall_segment Palisade Wall x1
17:45 zzx · wall_segment Palisade Wall x1
17:58 Takeda-Shingen · first_building Barracks
18:03 長安 · wall_segment Palisade Wall x1
18:04 長安 · wall_segment Palisade Wall x1
18:05 長安 · wall_segment Palisade Wall x1
18:06 長安 · wall_segment Palisade Wall x1
19:56 zzx · age_up castle
20:36 zzx · wall_segment Palisade Wall x1
20:37 zzx · wall_segment Palisade Wall x1
20:44 Haos · age_up castle
20:46 system_niko · age_up castle
20:53 Haos · first_building Siege Workshop
21:05 这种程度的话,我直布罗陀鲜卑也很难承受 · first_building Barracks
21:50 这种程度的话,我直布罗陀鲜卑也很难承受 · first_building Stable
21:50 長安 · first_building Barracks
22:18 602406569 · first_building Archery Range
22:30 Haos · first_market_sell 100 wood
22:58 Takeda-Shingen · wall_segment Stone Wall x1
23:27 zzx · wall_segment Stone Wall x4
23:30 zzx · wall_segment Stone Wall x9
24:34 放羊老汉 · first_building Barracks
24:47 長安 · first_building Stable
25:00 放羊老汉 · first_building Stable
25:47 system_niko · first_building Castle
25:49 長安 · first_building Archery Range
25:55 長安 · first_market_sell 100 wood
26:06 zzx · wall_segment Stone Wall x1
26:28 zzx · wall_segment Stone Wall x9
27:29 602406569 · age_up castle
27:48 602406569 · first_building Castle
28:07 zzx · first_building Monastery
28:16 这种程度的话,我直布罗陀鲜卑也很难承受 · first_market_buy 100 food
28:36 長安 · age_up castle
28:44 这种程度的话,我直布罗陀鲜卑也很难承受 · first_building Castle
28:48 長安 · first_building Castle
28:57 zzx · first_building Castle
29:01 这种程度的话,我直布罗陀鲜卑也很难承受 · first_building Monastery
29:35 Takeda-Shingen · age_up castle
29:36 system_niko · first_building Barracks
29:37 zzx · first_building Barracks
29:49 放羊老汉 · age_up castle
30:04 system_niko · first_building Siege Workshop
30:12 zzx · first_building Stable
30:25 这种程度的话,我直布罗陀鲜卑也很难承受 · first_building Archery Range
31:28 system_niko · first_building Stable
32:17 zzx · first_building Krepost
32:34 放羊老汉 · first_building Monastery
32:40 zzx · age_up imperial
32:46 放羊老汉 · first_building Castle
33:06 system_niko · first_building Archery Range
33:19 这种程度的话,我直布罗陀鲜卑也很难承受 · age_up imperial
33:31 Takeda-Shingen · first_building Castle
35:02 Takeda-Shingen · first_building Siege Workshop
35:20 長安 · first_building Siege Workshop
35:31 Takeda-Shingen · first_building Stable
35:41 長安 · first_building Monastery
38:12 長安 · age_up imperial
39:40 602406569 · first_building Stable
40:16 system_niko · first_market_buy 500 stone
40:58 system_niko · first_market_sell 500 food
42:21 Haos · first_market_buy 100 stone
44:31 system_niko · age_up imperial
45:48 zzx · first_market_sell 500 food
47:28 Haos · age_up imperial
47:53 Takeda-Shingen · first_building Archery Range
48:47 長安 · resign

[ AI ANALYSIS · 1 CREDIT ]

What really happened in this match?

Wolo.gg analyzes every decision: build order, eco, micro, common mistakes by bracket. Personalized analysis on WhatsApp or Discord in 30 seconds.

📚

Civ guide

Italians

🗺️

Map guide

Nomad

👤

Perfil

602406569